 Dungeon Crawl Stone Soup version 0.21.1-1-g345015fe64 (webtiles) character file.

83 SWATDuck the Insei (level 4, 0/28 HPs)
             Began as an Octopode Transmuter on July 17, 2018.
             Succumbed to an adder's poison
             ... on level 3 of the Dungeon.
             The game lasted 00:06:10 (2315 turns).

SWATDuck the Insei (Octopode Transmuter)            Turns: 2315, Time: 00:06:10

Health: 0/28       AC:  1    Str: 14    XL:     4   Next: 44%
Magic:  7/7        EV: 13    Int: 15    God:
Gold:   92         SH:  0    Dex: 13    Spells: 5/8 levels left

rFire    . . .     SeeInvis .     - Unarmed
rCold    . . .     Gourm    .   (no shield)
rNeg     . . .     Faith    .   (helmet restricted)
rPois    .         Spirit   .   (no amulet)
rElec    .         Reflect  .   (no ring)
rCorr    .         Harm     .   (no ring)
MR       .....                  (no ring)
Stlth    +++.......             (no ring)
HPRegen  0.09/turn              (no ring)
MPRegen  0.10/turn              (no ring)
                                (no ring)
                                (no ring)

@: mighty, lethally poisoned (0 -> -14)
A: almost no armour, stealthy swim, amphibious, 8 rings, constrict 8, camouflage
1, gelatinous body 1
a: no special abilities


You were on level 3 of the Dungeon.
You were hungry.

You visited 1 branch of the dungeon, and saw 3 of its levels.

You collected 92 gold pieces.

Inventory:

Missiles
 a - 10 arrows
 e - 62 stones (quivered)
Jewellery
 h - an uncursed ring of resist corrosion {unknown}
 j - an uncursed amulet of faith {unknown}
 k - an uncursed ring of wizardry {unknown}
Scrolls
 f - 2 scrolls of teleportation {unknown}
 g - a scroll of remove curse {unknown}
 n - 2 scrolls of identify {unknown}
Potions
 d - a potion of haste {unknown}
 i - 2 potions of degeneration {unknown}
 l - a potion of mutation {unknown}
Books
 b - a book of Changes

   Spells                             Type                      Level
   a - Beastly Appendage              Transmutation                1
   b - Sticks to Snakes               Transmutation                2
   c - Spider Form                    Transmutation/Poison         3
   d - Ice Form                       Ice/Transmutation            4
   e - Blade Hands                    Transmutation                5
 o - a book of Maledictions

   Spells                             Type                      Level
   a - Corona                         Hexes                        1
   b - Ensorcelled Hibernation        Hexes/Ice                    2
   c - Confuse                        Hexes                        3
   d - Tukima's Dance                 Hexes                        3
   e - Dazzling Spray                 Conjuration/Hexes            3
Comestibles
 c - 4 rations


   Skills:
 - Level 1.0 Fighting
 - Level 2.0 Dodging
 + Level 1.7 Stealth
 + Level 4.0 Unarmed Combat
 * Level 2.6 Spellcasting
 * Level 2.7 Transmutations


You had 5 spell levels left.
You knew the following spells:

 Your Spells              Type           Power        Failure   Level  Hunger
a - Beastly Appendage     Tmut           ##....       7%          1    #......
b - Sticks to Snakes      Tmut           ##......     10%         2    ##.....


Dungeon Overview and Level Annotations

Branches:
Dungeon (3/15)

Altars:


Innate Abilities, Weirdness & Mutations

You cannot wear most types of armour.
You are very stealthy in the water. (Stealth+)
You are amphibious.
You can wear up to eight rings at the same time.
You can use your tentacles to constrict eight enemies at once.
Your skin changes colour to match your surroundings (Stealth+).
Your rubbery body absorbs attacks. (AC +1, EV +1)


Message History

You constrict the adder.
You feel sick. The adder bites you.
You tentacle-slap the adder.
The adder is heavily wounded.
You constrict the adder. The adder bites you.
You are more poisoned.
The adder poisons you!
You tentacle-slap the adder but do no damage.
The adder is severely wounded.
You constrict the adder.
You feel sick. The adder bites you.
* * * LOW HITPOINT WARNING * * *
The adder bites you.
* * * LOW HITPOINT WARNING * * *
You are more poisoned.
The adder poisons you!
It was a potion of might.
You feel very mighty all of a sudden.
You constrict the adder.
You kill the adder!
Your Unarmed Combat skill increases to level 4!
You die...

#..........#.
#............
.##...........#
..............
#..........
........## .
##†....####....
#.@)...<.......
...............#.###
.................#
..###.......#....# .
###........[...
#..............
#..............
#..............


There were no monsters in sight!

Vanquished Creatures
  An adder (D:3)
  An ooze (D:1)
  A worm (D:2)
  3 dart slugs
  3 leopard geckos
  A ball python (D:2)
  3 bats (D:1)
  3 giant cockroaches (D:1)
  11 goblins
  3 hobgoblins
  3 jackals (D:1)
  10 kobolds
  A quokka (D:2)
  A ball python skeleton (D:2)
  2 frilled lizards
  9 rats
56 creatures vanquished.

Notes
Turn   | Place    | Note
-------+----------+-------------------------------------------
     0 | D:1      | SWATDuck the Octopode Transmuter began the quest for the Orb.
     0 | D:1      | Reached XP level 1. HP: 13/13 MP: 3/3
   338 | D:1      | Reached XP level 2. HP: 8/18 MP: 5/5
   543 | D:1      | Learned a level 2 spell: Sticks to Snakes
   676 | D:1      | Reached XP level 3. HP: 19/23 MP: 6/6
  1450 | D:2      | Reached skill level 1 in Stealth
  1878 | D:2      | Reached XP level 4. HP: 25/28 MP: 7/7
  2314 | D:3      | HP: 1/28 [adder (5)]
  2315 | D:3      | Reached skill level 4 in Unarmed Combat
  2315 | D:3      | Succumbed to an adder's poison

Skill      XL: |  1  2  3  4 |
---------------+-------------+-----
Stealth        | 1 |  1.7
Unarmed Combat | 4 |  4.0
Fighting       | |  1.0
Dodging        | |  2.0
Spellcasting   | |  2.6
Transmutations | |  2.7

Action                   |  1- 3 |  4- 6 || total
-------------------------+-------+-------++-------
Melee: Unarmed           |   104 |    33 ||   137
       Constrict         |    25 |     6 ||    31
       Tentacles         |    14 |     2 ||    16
       Punch             |     2 |     2 ||     4
Throw: Stone             |     2 |       ||     2
 Cast: Sticks to Snakes  |     2 |       ||     2
  Use: Potion            |       |     1 ||     1
 Stab: Sleeping          |     8 |     1 ||     9
  Eat: Chunk             |     3 |     1 ||     4
Armor: Skin              |    19 |     1 ||    20
Dodge: Dodged            |    89 |    20 ||   109
